 Dungeon Crawl Stone Soup version 0.27-a0-54-g64bdb92e38 (webtiles) character file.

Game seed: 2426228781908538132

27 Descartes the Sneak (level 2, -1/14 HPs)
             Began as a Felid Delver on Jan 7, 2021.
             Slain by a mummy (14 damage)
             ... in an ossuary.
             The game lasted 00:02:36 (350 turns).

Descartes the Sneak (Felid Delver)                   Turns: 350, Time: 00:02:37

Health: -1/14      AC:  1    Str:  8    XL:     2   Next: 93%
Magic:  3/3        EV: 18    Int: 11    God:
Gold:   0          SH:  0    Dex: 17    Spells: 1/1 levels left
                                        Lives:  0   Deaths: 0

rFire    . . .     SeeInvis +     - Unarmed
rCold    . . .     Faith    .   (shield unavailable)
rNeg     . . .     Spirit   .   (armour unavailable)
rPois    .         Reflect  .   (helmet unavailable)
rElec    .         Harm     .   (cloak unavailable)
rCorr    .         Rampage  .   (gloves unavailable)
Will     .....                  (boots unavailable)
Stlth    ++++......             (no amulet)
HPRegen  0.04/turn              (no ring)
MPRegen  0.08/turn              (no ring)

@: quick
A: very small, no armour, no weapons or thrown items, stealth, claws 1, fangs 3,
see invisible, speed 1, shaggy fur 1, sharp paws
a: no special abilities


You were in an ossuary.
You visited 2 branches of the dungeon, and saw 3 of its levels.
You also visited: Ossuary.

Inventory:

Wands
 e - a wand of digging (3)
 f - a wand of random effects (14)
Scrolls
 a - a scroll of fog
 c - 2 scrolls of fear
Potions
 d - a potion of haste


   Skills:
 - Level 3.0 Fighting
 + Level 3.2 Dodging
 * Level 7.2 Stealth
 + Level 2.4 Unarmed Combat


You had one spell level left.
You didn't know any spells.
Your spell library was empty.

Dungeon Overview and Level Annotations

Branches:
Dungeon (5/15)             Temple (1/1) D:5         Ossuary (1/1)

Altars:
Ashenzari
Cheibriados
Dithmenos
Elyvilon
Gozag
Hepliaklqana
Kikubaaqudgha
Ru
Trog
Vehumet
Xom
Zin

Shops:
D:4 *

Annotations:
D:5 Eustachio


Innate Abilities, Weirdness & Mutations

You cannot wear armour.
You are incapable of wielding weapons or throwing items.
Your paws allow you to move quietly. (Stealth)
You have sharp claws.
You have razor-sharp teeth.
You have supernaturally acute eyesight. (SInv)
You cover ground quickly.
You are covered in fur. (AC +1)
Your sharp claws are effective at attacking unaware monsters.


Message History

You scratch the kobold zombie.
The kobold zombie is heavily damaged.
You claw the kobold zombie!
You destroy the kobold zombie!
There are monsters nearby! 2 mummies and a zombie come into view.
There is a gate leading back out of this place here.
The mummy hits you.
You scratch the mummy.
The mummy is lightly damaged.
You barely miss the mummy.
The mummy is lightly damaged.
The mummy misses you.
You scratch the mummy.
The mummy is lightly damaged.
You closely miss the mummy.
The mummy is lightly damaged.
The mummy hits you!
Ouch! That really hurt!
You die...

......#
#....#
#....#
#....#
#....#
#....#
#....#
#.M..#
#.@..#
#.∩∩.#
######


You could see a mummy.

Vanquished Creatures
  A worker ant (D:4)
  A gnoll zombie (Ossuary)
  2 hobgoblin zombies
  2 kobold zombies (Ossuary)
  A leopard gecko zombie (D:5)
  An orc zombie (Ossuary)
8 creatures vanquished.

Notes
Turn   | Place    | Note
-------+----------+-------------------------------------------
     0 | D:5      | Descartes the Felid Delver began the quest for the Orb.
     0 | D:5      | Reached XP level 1. HP: 10/10 MP: 2/2
     2 | D:5      | Noticed Eustachio
    34 | D:5      | Noticed a worker ant
    59 | D:5      | Found a staircase to the Ecumenical Temple.
    66 | Temple   | Entered the Ecumenical Temple
    73 | D:5      | Noticed a worker ant
   107 | D:4      | Found Wodocriw's Serpentskin Sales.
   107 | D:4      | Noticed a water moccasin
   136 | D:4      | Noticed a worker ant
   140 | D:4      | Killed a worker ant
   141 | D:4      | Reached skill level 7 in Stealth
   141 | D:4      | Reached XP level 2. HP: 14/14 MP: 3/3
   158 | D:4      | Found a sand-covered staircase.
   171 | Ossuary  | Entered an ossuary
   350 | Ossuary  | Slain by a mummy

Illustrated notes

Levels and vault maps discovered:
D:4:      layout_loops_ring, enter_ossuary_3, guppyfry_shop_venom
D:5:      layout_basic, minmay_temple_entry_mist, grunt_ministairs_10,
          uniq_ijyb, uniq_eustachio
Temple:   nicolae_temple_no_exploring_needed
Ossuary:  ossuary_tomb_3

Skill      XL: |  1 |
---------------+----+-----
Dodging        | 3 |  3.2
Stealth        | 7 |  7.2
Fighting       | |  3.0
Unarmed Combat | |  2.4

Action                   || total
-------------------------++-------
Melee: Unarmed           ||    32
       Bite              ||     4
Evoke: Wand              ||     1
  Use: Scroll            ||     1
 Stab: Sleeping          ||     1
Armor: Skin              ||     1
Dodge: Dodged            ||    15

Table legend: (Time is in decaauts)
 A = Elapsed time spent in this place.
 B = Non-inter-level travel time spent in this place.
 C = Inter-level travel time spent in this place.
 D = Time resting spent in this place.
 E = Time spent auto-exploring this place.
 F = Levels seen in this place.
 G = Mean time per level.
                   A        B        C        D        E       F      G
               +--------+--------+--------+--------+--------+-----+--------+
         Total |    310 |    310 |      0 |     56 |     27 |   4 |   77.5 |
       Dungeon |    141 |    141 |      0 |      0 |     20 |   2 |   70.5 |
        Temple |      1 |      1 |      0 |      0 |      0 |   1 |    1.0 |
       Ossuary |    166 |    166 |      0 |     56 |      7 |   1 |  166.0 |
               +--------+--------+--------+--------+--------+-----+--------+

Top non-repeatable levels by time:
 Ossuary: 166 daAuts
     D:5: 76 daAuts
     D:4: 64 daAuts
  Temple: 1 daAuts
